 Dungeon Crawl Stone Soup version 0.15.2 (webtiles) character file.

61 JackS81 the Poker (level 4, -1/33 HPs)
             Began as a Merfolk Death Knight on Aug 19, 2017.
             Was a Follower of Yredelemnul.
             Killed by divine providence
             ... invoked by an orc priest
              (12 damage)
             ... on Level 3 of the Dungeon.
             The game lasted 00:06:44 (1533 turns).

JackS81 the Poker (Merfolk Death Knight)            Turns: 1533, Time: 00:06:44

HP  -1/33        AC  4     Str 14      XL: 4   Next:  7%
MP   4/6         EV 10     Int 10      God: Yredelemnul [*.....]
Gold 166         SH  0     Dex 13      Spells:  0 memorised,  3 levels left

rFire  + . .     SeeInvis .     a - +1 spear
rCold  . . .     Clarity  .     b - +0 leather armour
rNeg   . . .     rCorr    .     (no shield)
rPois  .         rRot     .     t - +0 helmet
rElec  .         Spirit   .     (no cloak)
SustAb .         Warding  .     (no gloves)
rMut   .         Stasis   .     (no boots)
Gourm  .                        (no amulet)
MR     .....                    (no ring)
                                g - ring of protection from fire

@: drained, not resistant to hostile enchantments, very unstealthy
A: change form in water, swift swim
a: Animate Remains, Renounce Religion


You were on level 3 of the Dungeon.
You worshipped Yredelemnul.
Yredelemnul was aware of your devotion.
You were not hungry.

You visited 1 branch of the dungeon, and saw 3 of its levels.

You collected 166 gold pieces.

Inventory:

Hand weapons
 a - a +1 spear (weapon)
 p - a +0 hunting sling
Missiles
 e - 14 arrows
 o - 11 poisoned needles
 u - 6 javelins (quivered)
 w - 2 arrows of dispersal
 x - 7 sling bullets
Armour
 b - a +0 leather armour (worn)
 s - a +0 helmet
 t - a +0 helmet (worn)
Comestibles
 c - a bread ration
 i - a beef jerky
 v - a rotting chunk of hobgoblin flesh
 A - 8 fruits
 B - a slice of pizza
Scrolls
 d - a scroll of immolation {unknown}
 f - 2 scrolls of identify {unknown}
 h - 3 scrolls of teleportation {unknown}
 j - a scroll of fear {unknown}
 k - a scroll of enchant armour {unknown}
 q - 2 scrolls of fog {unknown}
Jewellery
 g - a ring of protection from fire (left hand)
Potions
 l - a potion of resistance {unknown}
 n - a potion of heal wounds {unknown}
 z - a potion of restore abilities {unknown}


   Skills:
 - Level 2.1(1.8) Fighting
 * Level 6.2(5.7) Polearms
 - Level 0.6(0.2) Armour
 - Level 1.3(1.0) Dodging
 - Level 3.0(2.6) Invocations


You had 3 spell levels left.
You didn't know any spells.

Dungeon Overview and Level Annotations

Branches:
Dungeon (3/15)

Altars:
Cheibriados


Message History

The orc priest prays to Beogh.
You feel a wave of unholy energy pass over you.
Items here: %%% ))) Use which ability? (? or * to list)
You attempt to give life to the dead...
The dead are walking!
You feel slightly more hungry.
The orc priest hits you but does no damage.
Some of the chunks of flesh in your inventory have rotted away.
You closely miss the orc priest.
The orc priest hits you with a short sword.
You hit the orc priest.
The orc priest is lightly wounded.
The orc priest closely misses you.
Your orc zombie hits the orc priest with a club.
You hit the orc priest.
The orc priest is severely wounded.
The orc priest calls down the wrath of Beogh upon you.
Something smites you!
You die...
Your body rises from the dead as a mindless zombie.

..........#.#
.............#
...........###
...........#
#...........#
####+##'#### ...
#.# ...o #.#
....o #@#
.......#o#
.......Z.#
........!........
.......#.......
....... ..?....
......# .######
..... .. .... ..


You could see an orc priest and a friendly orc zombie.

Vanquished Creatures
  An adder (D:2)
  A giant mite (D:2)
  A worm (D:2)
  2 orcs (D:3)
  5 bats
  3 giant cockroaches (D:1)
  5 goblins
  4 hobgoblins
  3 jackals (D:1)
  A giant newt (D:2)
  3 kobolds
29 creatures vanquished.

Vanquished Creatures (collateral kills)
  A worm (D:2)
  An ooze (D:2)
  A goblin (D:1)
  A quokka (D:2)
  A giant cockroach (D:1)
  2 giant newts
  A rat (D:1)
8 creatures vanquished.

Vanquished Creatures (others)
  An adder zombie (D:2)
  A jackal skeleton (D:1)
  A jackal zombie (D:1)
3 creatures vanquished.

Grand Total: 40 creatures vanquished

Notes
Turn   | Place    | Note
--------------------------------------------------------------
     0 | D:1      | JackS81, the Merfolk Death Knight, began the quest for the Orb.
     0 | D:1      | Reached XP level 1. HP: 16/16 MP: 2/2
   201 | D:1      | Reached skill level 4 in Polearms
   201 | D:1      | Reached XP level 2. HP: 16/22 MP: 1/3
   612 | D:2      | Reached skill level 5 in Polearms
   612 | D:2      | Reached XP level 3. HP: 22/27 MP: 5/5
   715 | D:2      | Found a snail-covered altar of Cheibriados.
  1426 | D:2      | Reached skill level 6 in Polearms
  1517 | D:3      | Reached XP level 4. HP: 15/33 MP: 6/6
  1533 | D:3      | Killed from afar by an orc priest

Action                   |  1- 3 |  4- 6 || total
-------------------------+-------+-------++-------
Melee: Spear             |   149 |    10 ||   159
Invok: Animate Remains   |     7 |     1 ||     8
  Eat: Chunk             |     2 |       ||     2
       Fruit             |     1 |       ||     1
